 Dungeon Crawl Stone Soup version 0.30-a0-385-gfebfb9b408 (webtiles) character file.

Game seed: 13189143030008753933

102 lunkers the Slasher (level 5, -2/45 HPs)
             Began as a Meteoran Fighter on Dec 2, 2022.
             Slain by a gnoll
             ... wielding a +0 spear
              (6 damage)
             ... on level 3 of the Dungeon.
             The game lasted 00:05:48 (1024 turns).

lunkers the Slasher (Meteoran Fighter)              Turns: 1024, Time: 00:05:48

Health: -2/45      AC:  6    Str: 19    XL:     5   Next: 27%
Magic:  6/6        EV:  9    Int: 10    God:
Gold:   76         SH:  5    Dex: 13    Spells: 4/4 levels left

rFire   . . .      SeeInvis .    a - +0 long sword
rCold   . . .      Faith    .    c - +0 buckler
rNeg    . . .      Spirit   .    b - +0 scale mail
rPois   .          Reflect  .    (no helmet)
rElec   .          Harm     .    (no cloak)
rCorr   .          Rampage  .    (no gloves)
Will    .....                    (no boots)
Stlth   ..........               (no amulet)
HPRegen 0.27/turn                (no ring)
MPRegen 0.10/turn                (no ring)

@: glowing
A: sense surroundings 1, otherworldly, glowing, explore regen
a: no special abilities


You were on level 3 of the Dungeon.
You visited 1 branch of the dungeon, and saw 3 of its levels.

You collected 76 gold pieces.

Inventory:

Hand Weapons
 a - a +0 long sword (weapon)
Missiles
 l - a throwing net
Armour
 b - a +0 scale mail (worn)
 c - a +0 buckler (worn)
Scrolls
 e - a scroll of enchant armour {unknown}
 f - a scroll of silence {unknown}
 g - a scroll of summoning {unknown}
 i - a scroll of teleportation {unknown}
Potions
 d - 3 potions of might
 j - a potion of curing
 k - a potion of magic


   Skills:
 - Level 3.2 Fighting
 + Level 5.8 Long Blades
 - Level 3.6 Armour
 - Level 3.6 Shields


You had 4 spell levels left.
You didn't know any spells.
Your spell library contained the following spells:

 Spells                   Type           Power      Damage    Failure   Level
 Sublimation of Blood     Necr           0%         N/A       91%         2
 Petrify                  Tmut/Erth      0%         N/A       100%        4
 Irradiate                Conj/Tmut      0%         3d11      100%        5


Dungeon Overview and Level Annotations

Branches:
Dungeon (3/15) Zot: 730

Altars:
Vehumet


Innate Abilities, Weirdness & Mutations

You passively map a small area around you.
You are easily found by Zot.
You glow in the dark.
You regain HP and MP as you explore.


Message History

* * * LOW HITPOINT WARNING * * *
You block the orc's attack.
You completely miss the orc.
The orc is heavily wounded.
The orc hits you but does no damage.
You closely miss the orc.
The orc is heavily wounded.
The orc hits you but does no damage.
You hit the orc.
The orc is almost dead.
The orc hits you but does no damage.
You hit the orc but do no damage.
The orc is almost dead.
You block the orc's attack.
You hit the orc.
You kill the orc!
You barely miss the orc. The orc barely misses you.
The gnoll hits you from afar with a +0 spear.
* * * LOW HITPOINT WARNING * * *
The gnoll hits you from afar with a +0 spear.
* * * LOW HITPOINT WARNING * * *
The orc closely misses you.
You closely miss the orc. The orc hits you with a +0 club.
* * * LOW HITPOINT WARNING * * *
The gnoll hits you from afar with a +0 spear.
* * * LOW HITPOINT WARNING * * *
You barely miss the orc. The orc hits you but does no damage.
The gnoll hits you from afar with a +0 spear.
* * * LOW HITPOINT WARNING * * *
You aren't carrying any items that you can evoke.
Unknown command.
As you read the scroll labelled MIFU ALUAN, it crumbles to dust.
It is a scroll of identify.
j - a potion of curing The orc hits you but does no damage.
You block the gnoll's attack.
As you read the scroll of identify, it crumbles to dust.
k - a potion of magic You block the orc's attack.
The gnoll hits you from afar with a +0 spear.
You die...

.......#.# #...# #......#.###.#
.......#.#################...#.#
#......................# ###.#.#
+........#..##########.# #.#.#
##########..#####....#.# #.#.#
#.....##.##.#.# #.#.#
#......#.##.#.#####.#.# *
##########.##.#.......#.#
.......go@.##.#########.#
**#######g##.#............#
##############)#################
.............Kgo....... , , ,
~~≈~~~~~≈≈≈~ogoo~≈~≈≈~~ ~~ ~
≈≈≈≈~~≈≈≈≈~~....~≈≈≈≈≈≈ ~
≈~~~~≈≈~≈≈~~....~~~~~~~ ~ ~ *
....................... ,, , ,
############''''####### * ,,


You could see 2 gnolls and an orc.

Vanquished Creatures
  An adder (D:2)
  4 worms
  2 dart slugs
  12 orcs (D:3)
  3 ball pythons (D:1)
  2 endoplasms
  3 giant cockroaches (D:1)
  6 goblins (D:1)
  3 hobgoblins
  8 jackals
  4 kobolds
  2 quokkas (D:1)
  4 bats
  A frilled lizard (D:2)
  6 rats
61 creatures vanquished.

Notes
Turn   | Place    | Note
-------+----------+-------------------------------------------
     0 | D:1      | lunkers the Meteoran Fighter began the quest for the Orb.
     0 | D:1      | Reached XP level 1. HP: 19/19 MP: 2/2
    28 | D:1      | Reached skill level 3 in Long Blades
    28 | D:1      | Reached XP level 2. HP: 5/26 MP: 3/3
   101 | D:1      | Reached XP level 3. HP: 31/31 MP: 4/4
   150 | D:1      | Reached skill level 4 in Long Blades
   345 | D:2      | Reached XP level 4. HP: 32/38 MP: 5/5
   453 | D:2      | Reached skill level 5 in Long Blades
   697 | D:3      | Found a radiant altar of Vehumet.
   703 | D:3      | Reached XP level 5. HP: 45/45 MP: 6/6
   978 | D:3      | Noticed a kobold brigand
   991 | D:3      | Upgraded the game from 0.30-a0-381-g6ea064c7b4 to
                  | 0.30-a0-385-gfebfb9b408
  1024 | D:3      | Slain by a gnoll

Illustrated notes

Levels and vault maps discovered:
D:1:      dpeg_arrival_ratfight, layout_rooms, serial_aquarium,
          aquarium_bridge_straight [aquarium_subvault_bridge,
          aquarium_subvault_window, aquarium_subvault_bridge,
          aquarium_subvault_window], aquarium_bridge_square
          [aquarium_subvault_balcony, aquarium_subvault_window,
          aquarium_subvault_bridge, aquarium_subvault_bridge],
          aquarium_window_3, aquarium_window_fake, aquarium_window_fake,
          aquarium_view_2c, aquarium_view_2b
D:2:      layout_loops_cross, basic_altar, st_stairs_8
D:3:      lemuel_castle_with_subvaults [lemuel_castle_interior_original],
          layout_basic, fiery_altar_vehumet

Skill      XL: |  1  2  3  4 |
---------------+-------------+-----
Long Blades    | 3 4 5 |  5.8
Fighting       | |  3.2
Armour         | |  3.6
Shields        | |  3.6

Action                   |  1- 3 |  4- 6 || total
-------------------------+-------+-------++-------
Melee: Long sword        |   104 |   111 ||   215
  Use: Scroll            |       |     2 ||     2
Armor: Scale mail        |    60 |    32 ||    92
Dodge: Dodged            |    28 |    32 ||    60
Block: Buckler           |    34 |    31 ||    65

Table legend: (Time is in decaauts)
 A = Elapsed time spent in this place.
 B = Non-inter-level travel time spent in this place.
 C = Inter-level travel time spent in this place.
 D = Time resting spent in this place.
 E = Time spent auto-exploring this place.
 F = Levels seen in this place.
 G = Mean time per level.
                   A        B        C        D        E       F      G
               +--------+--------+--------+--------+--------+-----+--------+
         Total |   1069 |   1038 |     31 |      0 |    590 |   3 |  356.3 |
       Dungeon |   1069 |   1038 |     31 |      0 |    590 |   3 |  356.3 |
               +--------+--------+--------+--------+--------+-----+--------+

Top non-repeatable levels by time:
     D:3: 562 daAuts
     D:1: 345 daAuts
     D:2: 161 daAuts
